 Dungeon Crawl Stone Soup version 0.22.0-36-g8e74550d25 (webtiles) character file.

889 Loge the Ruffian (level 7, -2/71 HPs)
             Began as a Troll Monk on Aug 24, 2018.
             Was a Believer of Makhleb.
             Killed from afar by an electric eel (4 damage)
             ... with a bolt of electricity
             ... on level 6 of the Dungeon.
             The game lasted 00:06:22 (3662 turns).

Loge the Ruffian (Troll Monk)                       Turns: 3662, Time: 00:06:22

Health: -2/71      AC:  6    Str: 20    XL:     7   Next: 77%
Magic:  6/6        EV: 10    Int:  6    God:    Makhleb [**....]
Gold:   257        SH:  0    Dex: 14    Spells: 6/6 levels left

rFire    . . .     SeeInvis .     - Unarmed
rCold    . . .     Gourm    +   (no shield)
rNeg     . . .     Faith    .   a - +0 robe
rPois    .         Spirit   .   (helmet restricted)
rElec    .         Reflect  .   t - +0 cloak (curse)
rCorr    .         Harm     .   (gloves unavailable)
MR       .....                  (boots unavailable)
Stlth    ++........             (no amulet)
HPRegen  0.61/turn              (no ring)
MPRegen  0.10/turn              (no ring)

@: no status effects
A: large, unfitting armour, claws 3, fast metabolism 3, gourmand, regeneration
1, shaggy fur 1, tough skin 2
a: Minor Destruction, Renounce Religion


You were on level 6 of the Dungeon.
You worshipped Makhleb.
Makhleb was pleased with you.
You were not hungry.

You visited 2 branches of the dungeon, and saw 7 of its levels.

You collected 257 gold pieces.

Inventory:

Hand Weapons
 r - a +1 whip of freezing
Missiles
 f - 15 poisoned needles
Armour
 a - a +0 robe (worn)
 t - a cursed +0 cloak (worn)
Wands
 q - a wand of disintegration (13)
 s - a wand of acid (11)
Scrolls
 c - 2 scrolls of enchant weapon {unknown}
 d - 2 scrolls of magic mapping {unknown}
 e - 5 scrolls of remove curse {unknown}
 h - 3 scrolls of teleportation {unknown}
 j - a scroll of immolation {unknown}
 k - 2 scrolls of enchant armour {unknown}
 l - a scroll of noise {unknown}
 m - 6 scrolls of identify {unknown}
Potions
 g - 3 potions of curing {unknown}
 i - 2 potions of haste {unknown}
 n - 3 potions of flight {unknown}
 o - 2 potions of heal wounds {unknown}
 p - a potion of degeneration {unknown}
Comestibles
 b - 3 rations


   Skills:
 + Level 4.8 Fighting
 - Level 2.4 Dodging
 - Level 1.0 Stealth
 * Level 7.7 Unarmed Combat
 + Level 1.2 Invocations


You had 6 spell levels left.
You didn't know any spells.
Your spell library contained the following spells:

 Spells                   Type           Power        Failure   Level  Hunger
 Animate Skeleton         Necr           N/A          45%         1    ##.....
 Apportation              Tloc           #.....       45%         1    ##.....
 Confusing Touch          Hex            #.....       45%         1    ##.....
 Magic Dart               Conj           #...         45%         1    ##.....
 Summon Small Mammal      Summ           #...         45%         1    ##.....
 Blink                    Tloc           N/A          58%         2    ###....
 Call Imp                 Summ           #.......     58%         2    ###....
 Searing Ray              Conj           #.....       58%         2    ###....
 Slow                     Hex            #.......     58%         2    ###....
 Conjure Flame            Conj/Fire      #.......     83%         3    ####...
 Dazzling Spray           Conj/Hex       #.....       83%         3    ####...
 Mephitic Cloud           Conj/Pois/Air  #.......     83%         3    ####...
 Force Lance              Conj/Tloc      #.......     99%         4    #####..
 Fulminant Prism          Conj/Hex       #.........   99%         4    #####..
 Iskenderun's Mystic Bla  Conj           #.......     99%         4    #####..


Dungeon Overview and Level Annotations

Branches:
Dungeon (6/15)             Temple (1/1) D:4

Altars:
Ashenzari
Cheibriados
Dithmenos
Elyvilon
Fedhas
Gozag
Hepliaklqana
Kikubaaqudgha
Makhleb
Nemelex Xobeh
Okawaru
Qazlal
Ru
Trog
Uskayaw
Vehumet
Wu Jian
Xom
Yredelemnul
Zin


Innate Abilities, Weirdness & Mutations

You are too large for most types of armour.
You have claws for hands.
Your metabolism is lightning-fast.
You like to eat raw meat.
Your natural rate of healing is unusually fast.
You are covered in fur. (AC +1)
You have very tough skin. (AC +2)


Message History

You see here a jackal corpse.
You butcher the jackal corpse.
The electric eel shoots out a bolt of lightning at you!
The bolt of electricity hits you!
* * * LOW HITPOINT WARNING * * *
You see here 3 chunks of flesh.
The electric eel shoots out a bolt of lightning at you!
The bolt of electricity hits you!
* * * LOW HITPOINT WARNING * * *
You see here a jackal corpse.
Okay, then.
You start resting.
A phantom comes into view.
The electric eel shoots out a bolt of lightning at you!
The bolt of electricity hits you!
* * * LOW HITPOINT WARNING * * *
You see here a tomahawk.
The electric eel shoots out a bolt of lightning at you!
The bolt of electricity hits you!
You die...

#.###)...♣♣≈≈≈♣;≈≈≈≈
.##.......♣♣≈≈♣≈≈≈≈≈≈≈
.........PP≈≈≈÷≈P≈≈≈≈≈
##.##..#≈♣≈≈≈≈≈≈P≈≈≈≈
#......♣≈≈≈≈≈≈≈≈≈≈≈≈
#.##.>##%)≈;♣≈≈♣≈≈≈≈
#..#..##†♣♣≈≈≈≈≈≈≈≈≈
#..#..........;≈♣≈≈≈P≈≈
......(@(......♣P♣♣≈♣≈≈
##....##(##.##..#≈≈≈♣
.....<##.##.##.##....
##....#.....# # #.
............#
.#.#.##.##### .W #. ..
#. . ##


You could see an electric eel.

Vanquished Creatures
  Pikel (D:3)
  A bullfrog (D:6)
  A scorpion (D:4)
  An electric eel (D:6)
  A crimson imp (D:6)
  A centaur zombie (D:4)
  An orc priest (D:6)
  A hound (D:4)
  An iguana (D:4)
  An orc wizard (D:6)
  4 adders
  2 dart slugs (D:2)
  2 leopard geckos
  3 orcs
  3 giant cockroaches (D:2)
  5 goblins
  8 hobgoblins
  4 jackals
  7 kobolds
  2 ball pythons
  8 bats
  A frilled lizard (D:1)
  A giant cockroach zombie (D:5)
  5 rats
65 creatures vanquished.

Notes
Turn   | Place    | Note
-------+----------+-------------------------------------------
     0 | D:1      | Loge the Troll Monk began the quest for the Orb.
     0 | D:1      | Reached XP level 1. HP: 22/22 MP: 0/0
   173 | D:1      | Reached XP level 2. HP: 29/29 MP: 1/1
   801 | D:2      | Reached XP level 3. HP: 35/36 MP: 2/2
   915 | D:2      | Reached skill level 4 in Unarmed Combat
  1535 | D:2      | You fall through a shaft!
  1535 | D:3      | Found a shimmering altar of Xom.
  1535 | D:3      | Found a hazy altar of Hepliaklqana.
  1535 | D:3      | Noticed a hungry ghost
  1535 | D:3      | Noticed a spectral ugly thing
  1535 | D:3      | Noticed a hungry ghost
  1668 | D:3      | Reached XP level 4. HP: 44/45 MP: 3/3
  2136 | D:4      | Noticed a slave
  2137 | D:4      | Noticed Pikel
  2138 | D:4      | Noticed a slave
  2138 | D:4      | Noticed a slave
  2138 | D:4      | Noticed a slave
  2163 | D:3      | Killed Pikel
  2163 | D:3      | Reached skill level 6 in Unarmed Combat
  2163 | D:3      | Reached XP level 5. HP: 26/54 MP: 4/4
  2163 | D:3      | Reached XP level 6. HP: 30/62 MP: 5/5
  2163 | D:3      | Reached XP level 7. HP: 34/70 MP: 6/6
  2293 | D:4      | Reached skill level 7 in Unarmed Combat
  2498 | D:4      | Found a staircase to the Ecumenical Temple.
  2504 | Temple   | Entered the Ecumenical Temple
  2669 | Temple   | Became a worshipper of Makhleb the Destroyer
  2669 | Temple   | Reached * piety under Makhleb
  2669 | Temple   | Reached ** piety under Makhleb
  2831 | D:5      | Entered Level 5 of the Dungeon
  3632 | D:6      | Reached skill level 1 in Invocations
  3661 | D:6      | HP: 2/71 [electric eel/bolt of electricity (15)]
  3662 | D:6      | Killed from afar by an electric eel

Skill      XL: |  1  2  3  4  5  6  7 |
---------------+----------------------+-----
Unarmed Combat | 4 6 7 |  7.7
Fighting       | 3 4 |  4.8
Invocations    | 1 |  1.2
Dodging        | |  2.4
Stealth        | |  1.0

Action                   |  1- 3 |  4- 6 |  7- 9 || total
-------------------------+-------+-------+-------++-------
Melee: Unarmed           |    83 |    34 |    74 ||   191
       Punch             |     3 |     1 |     2 ||     6
 Stab: Sleeping          |     3 |     1 |       ||     4
  Eat: Chunk             |    21 |     3 |     1 ||    25
       Ration            |       |       |     2 ||     2
Armor: Robe              |    19 |    18 |    14 ||    51
Dodge: Dodged            |    32 |    17 |    30 ||    79
